 Dungeon Crawl Stone Soup version 0.28-a0-1286-g6bde065e89 (webtiles) character file.

Game seed: 13997063545997211431

1213 halfoni the Chopper (level 8, -5/62 HPs)
             Began as a Human Berserker on Dec 27, 2021.
             Was a Believer of Trog.
             Succumbed to a water moccasin's poison
             ... on level 5 of the Dungeon.
             The game lasted 00:08:34 (6901 turns).

halfoni the Chopper (Human Berserker)               Turns: 6901, Time: 00:08:35

Health: -5/62      AC: 14    Str: 19    XL:     8   Next: 74%
Magic:  8/8        EV:  2    Int:  8    God:    Trog [**....]
Gold:   113        SH: 12    Dex: 13    Spells: 7/7 levels left

rFire   . . .      SeeInvis .   m - +0 war axe
rCold   . . .      Faith    .   a - +0 tower shield
rNeg    . . .      Spirit   .   l - +1 plate armour
rPois   .          Reflect  .   (no helmet)
rElec   .          Harm     .   j - +0 cloak
rCorr   .          Rampage  .   (no gloves)
Will    .....                   (no boots)
Stlth   ..........              (no amulet)
HPRegen 0.20/turn               (no ring)
MPRegen 0.11/turn               (no ring)

@: lethally poisoned (-5 -> -19), on berserk cooldown, slowed, very slow
A: no striking features
a: Renounce Religion, Berserk, Trog's Hand


You were on level 5 of the Dungeon.
You worshipped Trog.
Trog was pleased with you.
You visited 1 branch of the dungeon, and saw 5 of its levels.

You collected 203 gold pieces.
You spent 90 gold pieces at shops.

Inventory:

Hand Weapons
 m - a +0 war axe (weapon)
Armour
 a - a +0 tower shield (worn)
 h - a +2 robe of fire resistance
 j - a +0 cloak (worn)
 l - a +1 plate armour (worn)
Jewellery
 f - a ring of magical power
Wands
 o - a wand of flame (20)
Scrolls
 d - a scroll of amnesia {unknown}
 g - a scroll of noise {unknown}
 k - 2 scrolls of identify {unknown}
 p - 2 scrolls of teleportation {unknown}
Potions
 b - 3 potions of curing {unknown}
 c - a potion of degeneration {unknown}
 e - a potion of attraction {unknown}
 i - 2 potions of mutation {unknown}
 n - 2 potions of heal wounds {unknown}


   Skills:
 + Level 5.3 Fighting
 + Level 7.3 Axes
 + Level 4.2 Armour
 + Level 3.4 Dodging
 * Level 2.7 Shields


You had 7 spell levels left.
You didn't know any spells.
Your spell library was empty.

Dungeon Overview and Level Annotations

Branches:
Dungeon (5/15)             Temple (0/1) D:5

Altars:
Dithmenos
Trog

Shops:
D:3 *


Message History

Trog accepts your kill.
You closely miss the water moccasin.
You feel very sick.
You block the water moccasin's attack. x2
You hit the water moccasin but do no damage.
You feel very sick.
The water moccasin bites you but does no damage.
You miss the water moccasin.
You feel sick. The water moccasin bites you. x2
You are more poisoned.
The water moccasin poisons you!
You slice the water moccasin!!
The water moccasin is severely wounded.
You are no longer berserk.
You are exhausted.
You feel yourself slow down.
You feel very sick. The water moccasin bites you.
* * * LOW HITPOINT WARNING * * *
The water moccasin bites you but does no damage.
You closely miss the water moccasin.
The water moccasin is severely wounded.
* * * LOW HITPOINT WARNING * * *
You feel extremely sick.
The water moccasin bites you but does no damage.
The water moccasin bites you.
* * * LOW HITPOINT WARNING * * *
You are more poisoned.
The water moccasin poisons you! You block the water moccasin's attack.
Aiming: Throw Flame
Press: ? - help, Q - select action, (/) - cycle Shift-Dir - straight line, f - water moccasin
Aim: a water moccasin (severely wounded, 48% to hit)
The puff of flame hits the water moccasin.
The water moccasin is almost dead.
* * * LOW HITPOINT WARNING * * *
You feel extremely sick. You block the water moccasin's attack.
The water moccasin bites you but does no damage.
You barely miss the water moccasin.
The water moccasin is almost dead.
You die...

###### .... .....
.8... #..# .... #.##
. .... ####.S# .. #..
##.##.@# #
...#..##......###...s
..........##......5..
..##...######(......
##...## .........
#....##......... .
###.#.........#. ...
##.#^.......##
.....###.......###.#


You could see a water moccasin.

Vanquished Creatures
  Sigmund (D:2)
  The ghost of porpoise the Conjurer, an amateur DECj (D:4)
  An ogre (D:5)
  A centaur (D:5)
  4 scorpions
  Crazy Yiuf (D:2)
  2 hounds
  A centaur skeleton (D:4)
  2 orc priests (D:3)
  A jelly (D:4)
  2 bullfrog skeletons
  An iguana (D:5)
  2 orc wizards (D:4)
  2 gnolls
  6 adders
  A white imp (D:5)
  2 dart slugs (D:1)
  23 orcs
  6 endoplasms
  4 giant cockroaches
  12 goblins
  7 hobgoblins
  3 jackals (D:2)
  3 kobolds
  2 quokkas
  8 ball pythons
  3 bats
  6 frilled lizards
  8 rats
116 creatures vanquished.

Vanquished Creatures (others)
  3 fungi (D:2)
3 creatures vanquished.

Grand Total: 119 creatures vanquished

Notes
Turn   | Place    | Note
-------+----------+-------------------------------------------
     0 | D:1      | halfoni the Human Berserker began the quest for the Orb.
     0 | D:1      | Reached XP level 1. HP: 18/18 MP: 1/1
    10 | D:1      | Found a faded altar of an unknown god.
   272 | D:1      | Reached XP level 2. HP: 24/24 MP: 2/2
   569 | D:1      | Reached XP level 3. HP: 29/29 MP: 3/3
  2251 | D:2      | Reached XP level 4. HP: 23/35 MP: 4/4
  2821 | D:2      | Noticed Sigmund
  2833 | D:2      | Killed Sigmund
  2834 | D:2      | Reached skill level 4 in Axes
  2834 | D:2      | Reached XP level 5. HP: 25/42 MP: 5/5
  2834 | D:2      | Reached XP level 6. HP: 29/48 MP: 6/6
  3690 | D:2      | Found a runed translucent door.
  3711 | D:2      | Noticed Crazy Yiuf
  3837 | D:2      | Reached ** piety under Trog
  3901 | D:2      | Killed Crazy Yiuf
  4181 | D:3      | Found a bloodstained altar of Trog.
  4309 | D:3      | Reached skill level 5 in Axes
  4538 | D:3      | Found Xiak's General Store.
  4591 | D:3      | Bought a scroll of enchant armour for 90 gold pieces
  4652 | D:3      | Found a shadowy altar of Dithmenos.
  4655 | D:3      | Reached XP level 7. HP: 54/54 MP: 7/7
  5235 | D:4      | Reached skill level 6 in Axes
  5304 | D:4      | Found a runed translucent door.
  5307 | D:4      | Noticed porpoise's ghost (amateur DECj)
  6455 | D:4      | Reached skill level 1 in Shields
  6457 | D:4      | Reached XP level 8. HP: 61/61 MP: 8/8
  6460 | D:4      | Killed porpoise's ghost
  6524 | D:5      | Entered Level 5 of the Dungeon
  6545 | D:5      | Reached skill level 5 in Fighting
  6646 | D:5      | Found a staircase to the Ecumenical Temple.
  6659 | D:5      | Reached skill level 7 in Axes
  6900 | D:5      | HP: 1/62 [poisoned by a water moccasin]
  6901 | D:5      | Succumbed to a water moccasin's poison

Illustrated notes

Levels and vault maps discovered:
D:1:      shiori_shiawase, layout_loops_ring, ebering_ecumenical_altar_abandoned
D:2:      minmay_alternating_diamond, layout_rooms, st_stairs_10, uniq_sigmund,
          uniq_crazy_yiuf_cottage
D:3:      layout_basic, trog_three_pillars_becter,
          grunt_dithmenos_smoke_and_mirrors, serial_shops,
          nicolae_shop_hallway_plus
D:4:      layout_loops_cross, ebering_ghost_sewer_d
D:5:      layout_cave_pools, mainiacjoe_overflow_catwalk,
          minmay_temple_entry_statues_pillars, serial_column_ruins,
          column_ruins_columns_corner, column_ruins_corridor_corner,
          column_ruins_open_small, column_ruins_open_small,
          column_ruins_columns_corner, serial_shops, shop,
          hangedman_glass_teeth, st_stairs_5

Skill      XL: |  1  2  3  4  5  6  7  8 |
---------------+-------------------------+-----
Fighting       | 4 5 |  5.3
Axes           | 4 5 6 7 |  7.3
Armour         | 3 4 |  4.2
Dodging        | 3 |  3.4
Shields        | 1 2 |  2.7

Action                   |  1- 3 |  4- 6 |  7- 9 || total
-------------------------+-------+-------+-------++-------
Melee: Hand axe          |    80 |   116 |       ||   196
       War axe           |       |     5 |   210 ||   215
Invok: Berserk           |     3 |     4 |     5 ||    12
Evoke: Wand              |       |       |     1 ||     1
  Use: Scroll            |       |     1 |       ||     1
 Stab: Sleeping          |     4 |     1 |       ||     5
Armor: Animal skin       |     4 |       |       ||     4
       Leather armour    |    14 |     4 |       ||    18
       Robe              |       |    18 |       ||    18
       Plate armour      |       |     5 |   194 ||   199
Dodge: Dodged            |    45 |    57 |    39 ||   141
Block: Tower shield      |       |       |    97 ||    97

Table legend: (Time is in decaauts)
 A = Elapsed time spent in this place.
 B = Non-inter-level travel time spent in this place.
 C = Inter-level travel time spent in this place.
 D = Time resting spent in this place.
 E = Time spent auto-exploring this place.
 F = Levels seen in this place.
 G = Mean time per level.
                   A        B        C        D        E       F      G
               +--------+--------+--------+--------+--------+-----+--------+
         Total |   7118 |   7108 |     10 |   3202 |   2663 |   5 | 1423.6 |
       Dungeon |   7118 |   7108 |     10 |   3202 |   2663 |   5 | 1423.6 |
               +--------+--------+--------+--------+--------+-----+--------+

Top non-repeatable levels by time:
     D:2: 2121 daAuts
     D:1: 1992 daAuts
     D:4: 1440 daAuts
     D:3: 1154 daAuts
     D:5: 410 daAuts
